 Dungeon Crawl Stone Soup version 0.17-a0-802-g1f09329 (webtiles) character file.

546 namelastname112 the Twirler (level 7, -1/60 HPs)
             Began as a White Draconian Gladiator on Apr 26, 2015.
             Killed from afar by an orc wizard (7 damage)
             ... with a puff of flame
             ... on level 4 of the Dungeon.
             The game lasted 00:07:50 (4725 turns).

namelastname112 the Twirler (DrGl)                  Turns: 4725, Time: 00:07:50

Health: -1/60      AC:  7    Str: 18    XL:     7   Next: 6%
Magic:  4/7        EV: 16    Int:  8    God:
Gold:   225        SH:  0    Dex: 13    Spells: 0 memorised, 6 levels left

rFire  . . .     SeeInvis .     p - +2 spear (chaos)
rCold  + . .     Clarity  .     (armour unavailable)
rNeg   . . .     SustAb   .     (no shield)
rPois  .         Gourm    +     b - +1 hat
rElec  .         Spirit   .     (no cloak)
rCorr  .         Warding  .     (no gloves)
rMut   .         Stasis   .     (no boots)
MR     .....                    q - amulet of the gourmand
Stlth  +.........               t - ring of teleport control
                                o - +2 ring of evasion

@: controlling teleports (expiring), not resistant to hostile enchantments, very
unstealthy
A: breathe frost, unfitting armour, cold resistance 1, cold-blooded, AC +6
a: Breathe Frost, Evoke Teleport Control


You were on level 4 of the Dungeon.
You were near starving.

You visited 1 branch of the dungeon, and saw 4 of its levels.

You collected 225 gold pieces.

Inventory:

Hand weapons
 a - a +0 quarterstaff
 l - a +1 dagger of chaos
 p - a +2 spear of chaos (weapon)
Missiles
 c - 2 throwing nets (quivered)
Armour
 b - a +1 hat (worn)
Jewellery
 f - an uncursed amulet of stasis
 i - an uncursed amulet of resist corrosion
 o - a +2 ring of evasion (left hand)
 q - an amulet of the gourmand (around neck)
 t - a ring of teleport control (right hand)
Scrolls
 e - 7 scrolls of identify
 h - 2 scrolls of random uselessness {unknown}
 k - a scroll of recharging {unknown}
 m - a scroll of teleportation {unknown}
 r - a scroll of magic mapping {unknown}
 v - 2 scrolls of remove curse
Potions
 g - a potion of magic
 s - a potion of cancellation
Comestibles
 d - 3 bread rations
 j - a slice of pizza
 n - a meat ration


   Skills:
 + Level 4.6 Fighting
 * Level 6.2 Staves
 - Level 1.7 Throwing
 + Level 4.2 Dodging


You had 6 spell levels left.
You didn't know any spells.

Dungeon Overview and Level Annotations

Branches:
Dungeon (4/15)
 Temple: D:4-7

Altars:
Dithmenos
Fedhas
Okawaru
Xom
The Shining One


Innate Abilities, Weirdness & Mutations

You can breathe waves of freezing cold.
You can buffet flying creatures when you breathe cold.
Your icy white scales are hard (AC +6).
Your body does not fit into most forms of armour.
Your flesh is cold resistant.
You are cold-blooded and may be slowed by cold attacks.


Message History

* * * LOW HITPOINT WARNING * * *
The orc closely misses you. Something closely misses you.
You miss something. The bat hits you but does no damage.
The orc closely misses you. Something hits you.
* * * LOW HITPOINT WARNING * * *
The bat closely misses you.
You miss something. The bat misses you. Something hits you but does no damage.
The orc misses you.
You miss something.
You have got your breath back.
You start to feel a little uncertain.
The bat hits you but does no damage. Something hits you but does no damage.
Something hits you.
* * * LOW HITPOINT WARNING * * *
The orc closely misses you.
You miss something.
Your tail-slap misses something.
You hear some strange, mumbled words.
A puff of flame appears from out of thin air!
The puff of flame hits you!
You die...

..### ...... ....## .>...
.....## .... ......## #...
.......## #..# ........##
#..# )........### #).#
............####.o#
................@{#
.................b##
...................##
..#.................##
..##............(....##
..###.................# ..#
##................## ..#
##................## ..#
##.).........#....#########


You could see an orc and a bat.

Vanquished Creatures
  The ghost of ImmaFairy the Skirmisher, an average FoBe of Trog (D:3)
  2 iguanas (D:4)
  2 orc wizards (D:4)
  A worker ant (D:4)
  A hound skeleton (D:4)
  4 adders
  10 gnolls
  A worm (D:2)
  3 giant geckos (D:1)
  18 orcs
  2 ball pythons
  10 bats
  A bat skeleton (D:4)
  7 giant cockroaches
  11 goblins
  7 hobgoblins
  3 jackals (D:3)
  A quokka (D:2)
  2 giant newts (D:2)
  12 kobolds
  4 rats
103 creatures vanquished.

Vanquished Creatures (others)
  An orc wizard (D:4)
1 creature vanquished.

Grand Total: 104 creatures vanquished

Notes
Turn   | Place    | Note
--------------------------------------------------------------
     0 | D:1      | namelastname112, the Draconian Gladiator, began the quest for the Orb.
     0 | D:1      | Reached XP level 1. HP: 17/17 MP: 1/1
   207 | D:1      | Reached XP level 2. HP: 25/25 MP: 2/2
  1158 | D:1      | Reached XP level 3. HP: 30/30 MP: 3/3
  2049 | D:2      | Reached skill level 4 in Staves
  2186 | D:2      | Found a blossoming altar of Fedhas.
  2212 | D:2      | Reached XP level 4. HP: 20/38 MP: 4/4
  2328 | D:2      | Found a shimmering altar of Xom.
  2621 | D:3      | Reached XP level 5. HP: 34/45 MP: 5/5
  2920 | D:3      | Found a glowing golden altar of the Shining One.
  3068 | D:3      | Noticed ImmaFairy's ghost (average FoBe)
  3147 | D:4      | Reached skill level 5 in Staves
  3928 | D:3      | Killed ImmaFairy's ghost
  3928 | D:3      | Reached XP level 6. HP: 3/53 MP: 6/6
  4435 | D:4      | Found a shadowy altar of Dithmenos.
  4579 | D:4      | Found an iron altar of Okawaru.
  4694 | D:4      | Reached skill level 6 in Staves
  4703 | D:4      | Your scales start taking on a icy white colour.
  4703 | D:4      | Gained mutation: Your flesh is cold resistant. [White Draconian growth]
  4703 | D:4      | Reached XP level 7. HP: 32/60 MP: 7/7
  4725 | D:4      | Killed from afar by an orc wizard

Action                   |  1- 3 |  4- 6 |  7- 9 || total
-------------------------+-------+-------+-------++-------
Melee: Quarterstaff      |   127 |       |       ||   127
       Spear             |       |   234 |    20 ||   254
Throw: Throwing net      |     7 |       |       ||     7
 Abil: Breathe Frost     |       |       |     1 ||     1
       Evoke Teleport Co |       |       |     1 ||     1
  Use: Scroll            |     3 |     3 |       ||     6
       Potion            |       |     3 |       ||     3
 Stab: Sleeping          |     2 |     1 |       ||     3
       Invisible         |     1 |       |       ||     1
       Petrifying        |       |     2 |       ||     2
       Paralysed         |       |     2 |       ||     2
       Confused          |       |     1 |       ||     1
  Eat: Chunk             |     4 |     4 |       ||     8
       Fruit             |       |     2 |       ||     2
       Pizza             |       |     1 |       ||     1
